 Dungeon Crawl Stone Soup version 0.29-a0-887-gcbe080d7e0 (webtiles) character file.

Game seed: 1289090208869157505

40355 lesbiats the Carver (level 14, -4/121 HPs)
             Began as a Gnoll Wanderer on July 21, 2022.
             Was a High Priest of Ashenzari.
             Slain by a six-headed hydra (5 damage)
             ... while petrified by a catoblepas
             ... on level 5 of the Lair of Beasts.
             The game lasted 01:37:11 (14686 turns).

lesbiats the Carver (Gnoll Wanderer)               Turns: 14686, Time: 01:37:12

Health: -4/121     AC: 13    Str: 14    XL:     14   Next: 10%
Magic:  4/30       EV:  2    Int: 14    God:    Ashenzari [*****.]
Gold:   288        SH:  0    Dex: 16    Spells: 10/44 levels left

rFire   . . .      SeeInvis +   p - +8 hand axe of Ashenzari's Pleiades {elec, Str+4, Melee, Self} (curse)
rCold   . . .      Faith    .   y - orb "Per Aspera Ad Scientiam" {light, Elem, Fort} (curse)
rNeg    + + +      Spirit   .   e - +0 robe of Panopticon {Bglg, Range} (curse)
rPois   ∞          Reflect  .   (no helmet)
rElec   .          Harm     .   V - +0 cloak of the Circumscribed Omen {Evo, Melee} (curse)
rCorr   .          Rampage  .   a - +2 pair of gloves "I Foresaw This" {Stlth+, Melee, Cun} (curse)
Will    +....      Clarity  +   (no boots)
Stlth   +++....... Rnd*Tele +   s - amulet of Cremastomancy {Regen+, Comp, Self} (curse)
HPRegen 1.10/turn               C - ring "Circumscribed Doubts" {EV+4, Self, Bglg} (curse)
MPRegen 0.22/turn               G - ring of the Ensconced Moon {AC+4, Self, Cun} (curse)

@: petrified, glowing
A: fangs 1, strong nose, distributed training, clarity, low MP 1, shaggy fur 1,
teleportitis 1, sturdy frame 1
a: Renounce Religion, Shatter the Chains


You were on level 5 of the Lair of Beasts.
You worshipped Ashenzari.
Ashenzari was extremely pleased with you.
You visited 2 branches of the dungeon, and saw 14 of its levels.
You also visited: Sewer and Bailey.

You collected 751 gold pieces.
You spent 463 gold pieces at shops.

Inventory:

Hand Weapons
 p - the cursed +8 hand axe of Ashenzari's Pleiades (weapon) {elec, Str+4, Melee, Self}
   (You took it off a wight on level 9 of the Dungeon)

   It occasionally discharges a powerful burst of electricity upon striking a
   foe.
   Str:       It affects your strength (+4).
   It has a curse which improves the following skills: Melee Combat: Short
   Blades, Long Blades, Axes, Maces & Flails, Polearms, Staves and Unarmed
   Combat.
   Introspection: Fighting and Spellcasting.
Missiles
 w - 9 boomerangs
 x - 36 poisoned darts (quivered)
 z - 4 curare-tipped darts
Armour
 a - the cursed +2 pair of gloves "I Foresaw This" (worn) {Stlth+, Melee, Cun}
   (You bought it in a shop on level 4 of the Dungeon)

   It has a curse which improves the following skills: Melee Combat: Short
   Blades, Long Blades, Axes, Maces & Flails, Polearms, Staves and Unarmed
   Combat.
   Cunning:   Dodging and Stealth.
 e - the cursed +0 robe of Panopticon (worn) {Bglg, Range}

   It has a curse which improves the following skills: Beguiling: Conjurations,
   Hexes and Translocations.
   Ranged Combat: Ranged Weapons and Throwing.
 y - the cursed orb "Per Aspera Ad Scientiam" (worn) {light, Elem, Fort}
   (You found it on level 4 of the Lair of Beasts)

   It has a curse which improves the following skills: Elements: Fire Magic, Ice
   Magic, Air Magic and Earth Magic.
   Fortitude: Armour and Shields.
 E - a +1 robe of the Archmagi
 J - a +2 ring mail of positive energy
 V - the cursed +0 cloak of the Circumscribed Omen (worn) {Evo, Melee}
   (You found it on level 2 of the Lair of Beasts)

   It has a curse which improves the following skills: Evocations: Evocations.
   Melee Combat: Short Blades, Long Blades, Axes, Maces & Flails, Polearms,
   Staves and Unarmed Combat.
Jewellery
 f - an amulet of reflection
 r - a ring of fire
 s - the cursed amulet of Cremastomancy (around neck) {Regen+, Comp, Self}
   (You took it off a hobgoblin on level 2 of the Dungeon)

   [amulet of regeneration]

   Regen:     It increases your rate of health regeneration.
   It has a curse which improves the following skills: Companions: Summonings
   and Necromancy.
   Introspection: Fighting and Spellcasting.
 C - the cursed ring "Circumscribed Doubts" (left hand) {EV+4, Self, Bglg}
   (You found it on level 6 of the Dungeon)

   [ring of evasion]

   EV:        It affects your evasion (+4).
   It has a curse which improves the following skills: Introspection: Fighting
   and Spellcasting.
   Beguiling: Conjurations, Hexes and Translocations.
 G - the cursed ring of the Ensconced Moon (right hand) {AC+4, Self, Cun}
   (You found it on level 7 of the Dungeon)

   [ring of protection]

   AC:        It affects your AC (+4).
   It has a curse which improves the following skills: Introspection: Fighting
   and Spellcasting.
   Cunning:   Dodging and Stealth.
 P - a +4 ring of protection
 T - a ring of positive energy
Wands
 H - a wand of flame (20)
 L - a wand of light (11)
 X - a wand of mindburst (7)
 Y - a wand of iceblast (4)
Scrolls
 d - 4 scrolls of fear
 i - 2 scrolls of magic mapping
 k - 4 scrolls of silence
 m - 4 scrolls of torment
 n - a scroll of brand weapon
 o - a scroll of summoning
 q - 10 scrolls of identify
 v - 11 scrolls of teleportation
 A - a scroll of vulnerability
 D - 3 scrolls of poison
 M - 2 scrolls of noise
 O - 3 scrolls of fog
 S - a scroll of amnesia
 U - 2 scrolls of immolation
Potions
 b - 2 potions of lignification
 c - 3 potions of flight
 g - 3 potions of cancellation
 h - 4 potions of invisibility
 j - 4 potions of magic
 l - 6 potions of curing
 t - 2 potions of heal wounds
 u - 4 potions of degeneration
 B - a potion of brilliance
 F - a potion of berserk rage
 I - 2 potions of might
 K - 4 potions of attraction
 Q - 4 potions of resistance
 R - 3 potions of haste
 W - a potion of ambrosia


   Skills:
 + Level 9.5(14.9) Fighting
 + Level 9.1(13.6) Short Blades
 + Level 12.3(16.8) Long Blades
 + Level 9.1(13.6) Axes
 + Level 9.1(13.6) Maces & Flails
 + Level 9.1(13.6) Polearms
 + Level 9.1(13.6) Staves
 + Level 9.1(11.4) Ranged Weapons
 + Level 9.5(11.8) Throwing
 + Level 9.1(11.4) Armour
 + Level 9.1(12.6) Dodging
 + Level 9.1(12.6) Stealth
 + Level 9.1(11.4) Shields
 + Level 9.1(13.6) Unarmed Combat
 + Level 10.4(15.9) Spellcasting
 + Level 7.6(11.1) Conjurations
 + Level 7.6(11.1) Hexes
 + Level 7.6(10.0) Summonings
 + Level 7.9(10.3) Necromancy
 + Level 7.6(11.1) Translocations
 + Level 7.6 Transmutations
 + Level 7.6(10.0) Fire Magic
 + Level 7.6(10.0) Ice Magic
 + Level 7.6(10.0) Air Magic
 + Level 7.6(10.0) Earth Magic
 + Level 7.6 Poison Magic
 + Level 10.3 Invocations
 + Level 9.1(11.4) Evocations


You had 10 spell levels left.
You knew the following spells:

 Your Spells              Type           Power      Damage    Failure   Level
a - Necrotise             Necr           100%       1d9       1%          1
b - Vampiric Draining     Necr           40%        2d8       1%          3
c - Stone Arrow           Conj/Erth      80%        3d12      1%          3
d - Fulminant Prism       Conj/Hex       21%        3d13      1%          4
e - Searing Ray           Conj           84%        2d7       1%          2
f - Petrify               Tmut/Erth      35%        N/A       1%          4
g - Lehudib's Crystal Sp  Conj/Erth      20%        10d6      99%         8
h - Anguish               Hex/Necr       20%        N/A       1%          4
i - Irradiate             Conj/Tmut      18%        3d17      3%          5

Your spell library contained the following spells:

 Spells                   Type           Power      Damage    Failure   Level
 Magic Dart               Conj           100%       1d8       1%          1
 Ensorcelled Hibernation  Hex/Ice        80%        N/A       1%          2
 Sublimation of Blood     Necr           40%        N/A       1%          2
 Spider Form              Tmut/Pois      32%        N/A       1%          3
 Animate Armour           Summ/Erth      78%        N/A       1%          4


Dungeon Overview and Level Annotations

Branches:
Dungeon (9/15)             Temple (0/1) D:4            Lair (5/5) D:9
 Shoals (0/4) Lair:2       Spider (0/4) Lair:3        Slime (0/5) Lair:5
  Sewer (visited)          Bailey (visited)
    Orc: D:9-12

Altars:
Ashenzari
Fedhas
Gozag
Makhleb
Nemelex Xobeh
Okawaru
Trog
The Shining One

Shops:
D:4 [   D:6 !   D:7 !

Annotations:
D:3 3 runed translucent doors, zeratav's ghost, amateur OpVM
D:4 3 runed translucent doors, SirDiesAlot's ghost, amateur DEFE


Innate Abilities, Weirdness & Mutations

You have very sharp teeth.
Your uncanny sense of smell can sniff out nearby items.
Your experience applies equally to all skills.
You possess an exceptional clarity of mind.
Your magical capacity is low. (-10% MP)
You are covered in fur. (AC +1)
You are occasionally teleported next to monsters.
Your movements are slightly less encumbered by armour. (ER -2)


Message History

The blast of calcifying dust hits you.
You hit the catoblepas but do no damage.
The catoblepas is almost dead.
You are engulfed in calcifying dust.
Your limbs have turned to stone.
The catoblepas gores you!!
* * * LOW HITPOINT WARNING * * *
You hear a roar!
You have turned to stone.
You are engulfed in calcifying dust.
The catoblepas breathes a plume of calcifying dust at you.
The blast of calcifying dust hits you.
* * * LOW HITPOINT WARNING * * *
You are engulfed in calcifying dust.
A six-headed hydra comes into view.
The catoblepas gores you!
* * * LOW HITPOINT WARNING * * *
The catoblepas gores you!!
* * * LOW HITPOINT WARNING * * *
The catoblepas gores you but does no damage.
The six-headed hydra bites you!
* * * LOW HITPOINT WARNING * * *
The six-headed hydra bites you.
* * * LOW HITPOINT WARNING * * *
The six-headed hydra bites you but does no damage. x2
The six-headed hydra bites you.
* * * LOW HITPOINT WARNING * * *
The six-headed hydra bites you.
* * * LOW HITPOINT WARNING * * *
The catoblepas breathes a plume of calcifying dust at you.
The blast of calcifying dust hits you but does no damage.
The blast of calcifying dust hits the six-headed hydra.
You are engulfed in calcifying dust.
The six-headed hydra is engulfed in calcifying dust.
The six-headed hydra is moving more slowly.
The six-headed hydra bites you but does no damage.
The six-headed hydra bites you.
* * * LOW HITPOINT WARNING * * *
The six-headed hydra bites you but does no damage.
The six-headed hydra barely misses you. The six-headed hydra bites you!
You die...

..#,*,......Y,*#.#,,,*,,,,,,,,*,*
!...,,........*,..##***,,.,,,,,,,
....#....#....,,...## *,..*,,,,,,
..#..#§.......###...#**...,,,,,,*
.....§.........#....##..,,,,****,
....#k.....§.......§..,,,,,** **
Y....F......§....#§†##,,,,,,***
..,...........###D.$#.#..,,**,* #
.,.#(..........†@$........,**,**#
,..#####.#.....Y...#......*,,*,##
..*****#......###†#.####.#,,,,,..
.,,*,,,#......##..### **.,,,,,..
,,,,,,,.......#.P..# **,,*****
,,*,,,,.......,....# *,,,*
,****,,...........## **,**
,**,,,*#.......#.## **,,*
,,*,,,*..P)...,,*** *,,,*


You could see a catoblepas and a six-headed hydra (petrifying).

Vanquished Creatures
  2 hydras
  2 vault guards (Bailey)
  A two-headed ogre (D:9)
  Pikel (D:4)
  10 elephants
  2 black mambas
  A torpor snail (Lair:5)
  3 rime drakes
  An unseen horror (D:9)
  11 cane toads
  3 komodo dragons
  2 polar bears (Lair:5)
  Prince Ribbit (Bailey)
  16 blink frogs
  19 dream sheep
  A shadow (D:8)
  Sigmund (D:5)
  25 yaks
  4 wyverns
  3 basilisks
  4 humans (Bailey)
  7 water moccasins
  5 black bears
  3 ice beasts
  2 orc warriors
  4 centaurs
  An ogre (D:6)
  4 wolves (Lair:1)
  2 phantoms
  A kobold brigand (D:9)
  4 necrophages
  4 scorpions
  14 bullfrogs
  4 wights (D:9)
  6 killer bees (D:9)
  3 howler monkeys
  4 orc priests
  2 hounds (D:5)
  A jelly (D:5)
  4 iguanas
  9 orc wizards
  13 hell rats
  4 adders
  2 gnolls (Bailey)
  16 river rats (Lair:3)
  An ufetubus (D:5)
  4 worms
  4 dart slugs
  46 orcs
  5 ball pythons
  5 endoplasms
  5 giant cockroaches
  11 hobgoblins
  3 jackals (D:1)
  12 kobolds
  11 quokkas
  3 bats (D:2)
  5 frilled lizards
  8 goblins
  15 rats
370 creatures vanquished.

Vanquished Creatures (collateral kills)
  A human (Bailey)
  An adder (D:5)
  3 orcs
  A jackal (D:2)
  A rat (D:2)
7 creatures vanquished.

Vanquished Creatures (others)
  A hydra (Lair:5)
  A cane toad (Lair:4)
  A black bear (D:9)
  An orc wizard (D:9)
  50 fulminant prisms
  25 fungi
  24 plants
103 creatures vanquished.

Grand Total: 480 creatures vanquished

Notes
Turn   | Place    | Note
-------+----------+-------------------------------------------
     0 | D:1      | lesbiats the Gnoll Wanderer began the quest for the Orb.
     0 | D:1      | lesbiats set off with the following items: a +2 falchion, 6
                  | boomerangs, a +0 dagger, a scroll of fear, a +0 robe; and
                  | the following spell memorised: Necrotise; and the following
                  | spells available to memorise: Vampiric Draining.
     0 | D:1      | Reached XP level 1. HP: 17/17 MP: 6/6
   402 | D:1      | Reached XP level 2. HP: 23/23 MP: 4/7
   756 | D:1      | Reached skill level 5 in Spellcasting
   756 | D:1      | Reached XP level 3. HP: 28/28 MP: 7/9
  1485 | D:2      | Found a broken altar of Ashenzari.
  1492 | D:2      | Became a worshipper of Ashenzari the Shackled
  1525 | D:2      | Reached skill level 1 in Short Blades
  1525 | D:2      | Reached skill level 1 in Axes
  1525 | D:2      | Reached skill level 1 in Maces & Flails
  1525 | D:2      | Reached skill level 1 in Polearms
  1525 | D:2      | Reached skill level 1 in Staves
  1525 | D:2      | Reached skill level 1 in Ranged Weapons
  1525 | D:2      | Reached skill level 1 in Armour
  1525 | D:2      | Reached skill level 1 in Dodging
  1525 | D:2      | Reached skill level 1 in Stealth
  1525 | D:2      | Reached skill level 1 in Shields
  1525 | D:2      | Reached skill level 1 in Unarmed Combat
  1525 | D:2      | Reached skill level 1 in Evocations
  1884 | D:3      | Reached XP level 4. HP: 22/34 MP: 8/11
  1922 | D:3      | Reached skill level 1 in Conjurations
  1922 | D:3      | Reached skill level 1 in Hexes
  1922 | D:3      | Reached skill level 1 in Summonings
  1922 | D:3      | Reached skill level 1 in Translocations
  1922 | D:3      | Reached skill level 1 in Transmutations
  1922 | D:3      | Reached skill level 1 in Fire Magic
  1922 | D:3      | Reached skill level 1 in Ice Magic
  1922 | D:3      | Reached skill level 1 in Air Magic
  1922 | D:3      | Reached skill level 1 in Earth Magic
  1922 | D:3      | Reached skill level 1 in Poison Magic
  2041 | D:3      | Reached XP level 5. HP: 19/40 MP: 8/12
  2218 | D:3      | Found an iron altar of Okawaru.
  2273 | D:3      | Found a runed translucent gate.
  2273 | D:3      | Found a runed translucent gate.
  2274 | D:3      | Found a runed translucent gate.
  2274 | D:3      | Found an opulent altar of Gozag.
  2493 | D:3      | Reached * piety under Ashenzari
  2494 | D:3      | Gained mutation: You are partially covered in iridescent
                  | scales. (AC +2) [potion of mutation]
  2494 | D:3      | Gained mutation: You are dopey. (Int -2) [potion of
                  | mutation]
  2494 | D:3      | Gained mutation: You have a pair of small antennae on your
                  | head. [potion of mutation]
  2601 | D:3      | Noticed zeratav's ghost (amateur OpVM)
  2602 | D:3      | Noticed a centaur
  2629 | D:4      | Found a staircase to the Ecumenical Temple.
  2737 | D:4      | Reached XP level 6. HP: 40/47 MP: 11/13
  2772 | D:4      | Found Apaoni Qepi's Armour Emporium.
  2811 | D:4      | Upgraded the game from 0.29-a0-885-gb26ba3297d to
                  | 0.29-a0-887-gcbe080d7e0
  3007 | D:4      | Noticed SirDiesAlot's ghost (amateur DEFE)
  3008 | D:4      | Found a runed translucent gate.
  3008 | D:4      | Found a runed translucent gate.
  3009 | D:4      | Noticed Pikel
  3036 | D:4      | Killed Pikel
  3037 | D:4      | Reached skill level 9 in Long Blades
  3037 | D:4      | Reached XP level 7. HP: 28/53 MP: 15/15
  3203 | D:4      | Found a runed translucent gate.
  3260 | D:4      | Bought a +2 pair of gloves of stealth for 215 gold pieces
  3284 | D:4      | Reached XP level 8. HP: 60/60 MP: 13/16
  3740 | D:5      | Entered Level 5 of the Dungeon
  4364 | D:5      | Noticed Sigmund
  4370 | D:5      | Learned a level 3 spell: Vampiric Draining
  4374 | D:5      | Learned a level 3 spell: Stone Arrow
  4386 | D:5      | Killed Sigmund
  4500 | D:5      | Reached skill level 5 in Invocations
  4697 | D:6      | Found a glowing drain.
  4722 | Sewer    | Entered a sewer
  4943 | D:6      | Reached XP level 9. HP: 67/67 MP: 18/18
  5084 | D:6      | Found a broken altar of Ashenzari.
  5085 | D:6      | Found a burning altar of Makhleb.
  5165 | D:6      | Found a glowing golden altar of the Shining One.
  5172 | D:6      | Reached ** piety under Ashenzari
  5295 | D:6      | Found a blossoming altar of Fedhas.
  5307 | D:6      | Found Gafraadead's Distillery.
  5316 | D:6      | Reached skill level 5 in Fighting
  5316 | D:6      | Reached skill level 5 in Throwing
  5389 | D:6      | Bought a potion of mutation for 88 gold pieces
  5389 | D:6      | Lost mutation: You are partially covered in iridescent
                  | scales. (AC +2) [potion of mutation]
  5389 | D:6      | Lost mutation: You are dopey. (Int -2) [potion of mutation]
  5389 | D:6      | Gained mutation: Your mind is acute. (Int +4, Str/Dex -1)
                  | [potion of mutation]
  5389 | D:6      | Gained mutation: You are occasionally teleported next to
                  | monsters. [potion of mutation]
  5389 | D:6      | Gained mutation: Your muscles are strong. (Str +4, Int/Dex
                  | -1) [potion of mutation]
  5389 | D:6      | Gained mutation: Your natural rate of healing is unusually
                  | fast. [potion of mutation]
  6008 | D:7      | Found a bloodstained altar of Trog.
  6321 | D:7      | Found Xogh's Distillery.
  6963 | D:8      | Found a flagged portal.
  6978 | Bailey   | Entered a bailey
  7027 | Bailey   | Reached skill level 5 in Short Blades
  7027 | Bailey   | Reached skill level 10 in Long Blades
  7027 | Bailey   | Reached skill level 5 in Axes
  7027 | Bailey   | Reached skill level 5 in Maces & Flails
  7027 | Bailey   | Reached skill level 5 in Polearms
  7027 | Bailey   | Reached skill level 5 in Staves
  7027 | Bailey   | Reached skill level 5 in Ranged Weapons
  7027 | Bailey   | Reached skill level 5 in Armour
  7027 | Bailey   | Reached skill level 5 in Dodging
  7027 | Bailey   | Reached skill level 5 in Stealth
  7027 | Bailey   | Reached skill level 5 in Shields
  7027 | Bailey   | Reached skill level 5 in Unarmed Combat
  7027 | Bailey   | Reached skill level 5 in Evocations
  7027 | Bailey   | Reached XP level 10. HP: 74/79 MP: 15/23
  7040 | Bailey   | Noticed a vault guard
  7044 | Bailey   | Noticed a vault guard
  7044 | Bailey   | Noticed Prince Ribbit
  7140 | Bailey   | Killed a vault guard
  7141 | Bailey   | Reached skill level 5 in Necromancy
  7154 | Bailey   | Identified the cursed +0 robe of Panopticon {Bglg, Range}
  7156 | Bailey   | Killed Prince Ribbit
  7160 | Bailey   | Killed a vault guard
  7286 | Bailey   | Learned a level 4 spell: Fulminant Prism
  7289 | Bailey   | Learned a level 2 spell: Searing Ray
  8201 | D:9      | Noticed an unseen horror
  8213 | D:9      | Reached skill level 5 in Conjurations
  8213 | D:9      | Reached skill level 5 in Hexes
  8213 | D:9      | Reached skill level 5 in Summonings
  8213 | D:9      | Reached skill level 5 in Translocations
  8213 | D:9      | Reached skill level 5 in Transmutations
  8213 | D:9      | Reached skill level 5 in Fire Magic
  8213 | D:9      | Reached skill level 5 in Ice Magic
  8213 | D:9      | Reached skill level 5 in Air Magic
  8213 | D:9      | Reached skill level 5 in Earth Magic
  8213 | D:9      | Reached skill level 5 in Poison Magic
  8217 | D:9      | Reached XP level 11. HP: 38/87 MP: 22/24
  8291 | D:9      | Noticed a two-headed ogre
  8305 | D:9      | Killed a two-headed ogre
  8701 | D:9      | Found a sparkling altar of Nemelex Xobeh.
  8882 | D:9      | Identified the +8 hand axe "Honidi Bivva" {elec, Str+4}
  8970 | D:9      | Found a staircase to the Lair.
  9434 | Lair:1   | Entered Level 1 of the Lair of Beasts
  9455 | Lair:1   | HP: 1/89 [yak (9)]
  9638 | Lair:1   | Reached skill level 11 in Long Blades
  9638 | Lair:1   | Reached XP level 12. HP: 97/97 MP: 25/27
  9644 | Lair:1   | Learned a level 4 spell: Petrify
  9709 | D:7      | Bought a potion of curing for 36 gold pieces
  9709 | D:7      | Bought a potion of curing for 36 gold pieces
  9892 | D:6      | Bought a potion of heal wounds for 55 gold pieces
  9892 | D:6      | Bought a potion of curing for 33 gold pieces
 10243 | Lair:1   | Lost mutation: Your mind is acute. (Int +4, Str/Dex -1)
                  | [potion of mutation]
 10243 | Lair:1   | Lost mutation: You have a pair of small antennae on your
                  | head. [potion of mutation]
 10243 | Lair:1   | Lost mutation: Your muscles are strong. (Str +4, Int/Dex
                  | -1) [potion of mutation]
 10243 | Lair:1   | Gained mutation: You expend magic power (3 MP) to
                  | strengthen your wands. [potion of mutation]
 10243 | Lair:1   | Gained mutation: You possess an exceptional clarity of
                  | mind. [potion of mutation]
 10244 | Lair:1   | Lost mutation: You expend magic power (3 MP) to strengthen
                  | your wands. [potion of mutation]
 10244 | Lair:1   | Lost mutation: Your natural rate of healing is unusually
                  | fast. [potion of mutation]
 10244 | Lair:1   | Gained mutation: Your movements are slightly less
                  | encumbered by armour. (ER -2) [potion of mutation]
 10244 | Lair:1   | Gained mutation: Your magical capacity is low. (-10% MP)
                  | [potion of mutation]
 10244 | Lair:1   | Gained mutation: You are covered in fur. (AC +1) [potion of
                  | mutation]
 10328 | Lair:1   | Reached *** piety under Ashenzari
 11305 | Lair:2   | Reached **** piety under Ashenzari
 11428 | Lair:2   | Learned a level 8 spell: Lehudib's Crystal Spear
 11486 | Lair:2   | Learned a level 4 spell: Anguish
 11492 | Lair:2   | Learned a level 5 spell: Irradiate
 11549 | Lair:2   | Found a staircase to the Shoals.
 12054 | Lair:3   | Found a hole to the Spider Nest.
 12274 | Lair:3   | Reached XP level 13. HP: 108/108 MP: 17/27
 13430 | Lair:4   | Reached skill level 12 in Long Blades
 13445 | Lair:4   | Reached skill level 10 in Spellcasting
 14405 | Lair:5   | Entered Level 5 of the Lair of Beasts
 14426 | Lair:4   | Reached ***** piety under Ashenzari
 14485 | Lair:5   | Reached skill level 10 in Invocations
 14642 | Lair:5   | Reached XP level 14. HP: 92/121 MP: 18/30
 14685 | Lair:5   | HP: 4/121 [six-headed hydra (3)]
 14686 | Lair:5   | HP: 1/121 [six-headed hydra (2)]
 14686 | Lair:5   | Slain by a six-headed hydra

Illustrated notes

Levels and vault maps discovered:
D:1:      scummos_arrival_forest, layout_loops_ring
D:2:      minmay_alternating_diamond, layout_basic, basic_altar
D:3:      layout_basic, mainiacjoe_overflow_surrounded_room,
          ebering_ghost_gozag, hangedman_glass_teeth, st_stairs_14,
          dk_vineyard_2
D:4:      layout_basic, minmay_temple_entry_junction,
          gammafunk_ghost_nasty_kobolds, serial_shops, nicolae_shop_crystal,
          uniq_pikel
D:5:      layout_basic, uniq_sigmund
D:6:      layout_basic, nicolae_tso_swordbearing_angel, fedhas_altar_2,
          mainiacjoe_overflow_big_doors, cheibrodos_sewer_entry_bend,
          serial_shops, nicolae_shop_statue_plus, minmay_fractal_squares_5
D:7:      layout_cave_pods, kennysheep_mini, serial_shops,
          nicolae_lakefront_shop
D:8:      layout_basic, enter_bailey_2
D:9:      layout_gridville, mainiacjoe_overflow_six_doors_small,
          david_lair_generic
Lair:1:   layout_loops_ring
Lair:2:   layout_loops_ring, elwin_shoals_entry_rocks, serial_rivers,
          chequers_serial_rivers_micro_b, chequers_serial_rivers_small_b,
          chequers_serial_rivers_room_a, chequers_serial_rivers_large_a,
          chequers_serial_rivers_small_a, chequers_serial_rivers_micro_b,
          grunt_forest_small_clearings
Lair:3:   lemuel_ratsnest, layout_cave_pods, dummy_spider_entry
Lair:4:   layout_regular_city
Lair:5:   minmay_lair_end_enchanted_forest, layout_loops_ring, slime_entry_1

Skill      XL: |  1  2  3  4  5  6  7  8  9 10 11 12 13 |
---------------+----------------------------------------+-----
Necromancy     | 2 3 4 5 6 7 |  7.9
Spellcasting   | 5 6 7 8 9 10 | 10.4
Short Blades   | 1 2 3 4 5 6 7 9 |  9.1
Axes           | 1 2 3 4 5 6 7 9 |  9.1
Maces & Flails | 1 2 3 4 5 6 7 9 |  9.1
Polearms       | 1 2 3 4 5 6 7 9 |  9.1
Staves         | 1 2 3 4 5 6 7 9 |  9.1
Ranged Weapons | 1 2 3 4 5 6 7 9 |  9.1
Armour         | 1 2 3 4 5 6 7 9 |  9.1
Dodging        | 1 2 3 4 5 6 7 9 |  9.1
Stealth        | 1 2 3 4 5 6 7 9 |  9.1
Shields        | 1 2 3 4 5 6 7 9 |  9.1
Unarmed Combat | 1 2 3 4 5 6 7 9 |  9.1
Evocations     | 1 2 3 4 5 6 7 9 |  9.1
Conjurations   | 1 2 3 4 5 6 7 |  7.6
Hexes          | 1 2 3 4 5 6 7 |  7.6
Summonings     | 1 2 3 4 5 6 7 |  7.6
Translocations | 1 2 3 4 5 6 7 |  7.6
Transmutations | 1 2 3 4 5 6 7 |  7.6
Fire Magic     | 1 2 3 4 5 6 7 |  7.6
Ice Magic      | 1 2 3 4 5 6 7 |  7.6
Air Magic      | 1 2 3 4 5 6 7 |  7.6
Earth Magic    | 1 2 3 4 5 6 7 |  7.6
Poison Magic   | 1 2 3 4 5 6 7 |  7.6
Invocations    | 3 4 5 6 7 8 9 10 | 10.3
Fighting       | 3 4 5 6 8 9 |  9.5
Throwing       | 3 4 5 6 8 9 |  9.5
Long Blades    | 9 10 11 12 | 12.3

Action                   |  1- 3 |  4- 6 |  7- 9 | 10-12 | 13-15 || total
-------------------------+-------+-------+-------+-------+-------++-------
Melee: Falchion          |    34 |    58 |       |       |       ||    92
       Bite              |     2 |     4 |    36 |    18 |    34 ||    94
       Flail             |       |    17 |   246 |   114 |       ||   377
       Punch             |       |     2 |    10 |     9 |    16 ||    37
       Hand axe          |       |       |       |    70 |   215 ||   285
Throw: Boomerang         |    50 |    28 |    15 |       |     1 ||    94
       Dart              |       |       |       |    12 |    15 ||    27
 Cast: Necrotise         |    22 |    25 |    52 |    15 |     1 ||   115
       Stone Arrow       |       |       |     7 |    53 |    31 ||    91
       Vampiric Draining |       |       |     6 |     6 |     3 ||    15
       Searing Ray       |       |       |       |     7 |     4 ||    11
       Fulminant Prism   |       |       |       |    25 |    25 ||    50
       Anguish           |       |       |       |       |     8 ||     8
       Petrify           |       |       |       |       |     1 ||     1
       Irradiate         |       |       |       |       |     1 ||     1
Invok: Curse Item        |       |     2 |     3 |     2 |     2 ||     9
  Use: Potion            |       |     2 |     1 |    17 |     3 ||    23
       Scroll            |       |     1 |     1 |     5 |     2 ||     9
 Stab: Distracted        |     1 |       |     2 |       |       ||     3
       Sleeping          |       |       |     2 |     5 |       ||     7
       Petrified         |       |       |       |       |     7 ||     7
Armor: Robe              |     8 |    14 |    74 |    31 |    79 ||   206
       Skin              |       |       |       |    30 |       ||    30
Dodge: Dodged            |    31 |    45 |   247 |   251 |   286 ||   860
Block: Other             |     2 |       |       |       |       ||     2

Table legend: (Time is in decaauts)
 A = Elapsed time spent in this place.
 B = Non-inter-level travel time spent in this place.
 C = Inter-level travel time spent in this place.
 D = Time resting spent in this place.
 E = Time spent auto-exploring this place.
 F = Levels seen in this place.
 G = Mean time per level.
                   A        B        C        D        E       F      G
               +--------+--------+--------+--------+--------+-----+--------+
         Total |  14685 |  13682 |   1003 |   2842 |   7510 |  16 |  917.8 |
       Dungeon |   9273 |   8512 |    761 |   1661 |   4890 |   9 | 1030.3 |
          Lair |   4782 |   4541 |    241 |    957 |   2576 |   5 |  956.4 |
         Sewer |     62 |     62 |      0 |      0 |      6 |   1 |   62.0 |
        Bailey |    566 |    566 |      0 |    224 |     37 |   1 |  566.0 |
               +--------+--------+--------+--------+--------+-----+--------+

Top non-repeatable levels by time:
     D:9: 1372 daAuts
     D:6: 1343 daAuts
  Lair:2: 1298 daAuts
  Lair:3: 1233 daAuts
     D:4: 1198 daAuts
  Lair:4: 1141 daAuts
     D:7: 1042 daAuts
     D:1: 957 daAuts
     D:5: 928 daAuts
  Lair:1: 876 daAuts
     D:2: 859 daAuts
     D:3: 814 daAuts
     D:8: 757 daAuts
  Bailey: 566 daAuts
  Lair:5: 232 daAuts
